 Dungeon Crawl Stone Soup version 0.22.1-1-ga44c0e56f4 (webtiles) character file.

164 Peloso the Shield-Bearer (level 5, 0/47 HPs)
             Began as a Minotaur Fighter on Oct 28, 2018.
             Slain by Pikel
             ... wielding a +2 whip of freezing
              (1 damage)
             ... on level 3 of the Dungeon.
             The game lasted 00:04:45 (1965 turns).

Peloso the Shield-Bearer (Minotaur Fighter)         Turns: 1965, Time: 00:04:45

Health: 0/47       AC:  9    Str: 21    XL:     5   Next: 21%
Magic:  4/4        EV:  6    Int:  5    God:
Gold:   138        SH: 13    Dex: 10    Spells: 4/4 levels left

rFire    . . .     SeeInvis .   a - +0 long sword
rCold    . . .     Gourm    .   c - +0 shield
rNeg     . . .     Faith    .   b - +0 chain mail
rPois    .         Spirit   .   (helmet restricted)
rElec    .         Reflect  +   (no cloak)
rCorr    .         Harm     .   (no gloves)
MR       .....                  (no boots)
Stlth    ..........             m - +4 amulet of reflection
HPRegen  0.15/turn              (no ring)
MPRegen  0.09/turn              (no ring)

@: no status effects
A: retaliatory headbutt, horns 2
a: no special abilities


You were on level 3 of the Dungeon.
You were hungry.

You visited 1 branch of the dungeon, and saw 4 of its levels.

You collected 138 gold pieces.

Inventory:

Hand Weapons
 a - a +0 long sword (weapon)
 g - a +2 hand axe of electrocution
Armour
 b - a +0 chain mail (worn)
 c - a +0 shield (worn)
Jewellery
 m - a +4 amulet of reflection (around neck)
Wands
 n - a wand of paralysis (8)
 r - a wand of clouds (5)
Scrolls
 e - 2 scrolls of immolation {unknown}
 h - a scroll of enchant armour {unknown}
 i - a scroll of teleportation {unknown}
 k - 4 scrolls of identify {unknown}
 l - 3 scrolls of remove curse {unknown}
 o - a scroll of enchant weapon {unknown}
Potions
 d - a potion of might
 j - a potion of curing {unknown}
 p - a potion of invisibility {unknown}
 q - a potion of agility {unknown}
Comestibles
 f - 4 rations


   Skills:
 + Level 4.6 Fighting
 + Level 3.6 Long Blades
 + Level 4.5 Armour
 + Level 1.4 Dodging
 + Level 0.7 Stealth
 + Level 4.6 Shields


You had 4 spell levels left.
You didn't know any spells.
Your spell library was empty.

Dungeon Overview and Level Annotations

Branches:
Dungeon (4/15)
 Temple: D:4-7

Altars:
Dithmenos
Uskayaw
Vehumet

Annotations:
D:3 Pikel


Innate Abilities, Weirdness & Mutations

You reflexively headbutt those who attack you in melee.
You have a pair of horns on your head.


Message History

Unknown command.
You hit Pikel but do no damage. Your headbutt misses Pikel.
Pikel is almost dead.
Pikel hits you with a whip of freezing.
* * * LOW HITPOINT WARNING * * *
Pikel freezes you.
* * * LOW HITPOINT WARNING * * *
Unknown command.
You miss Pikel.
Pikel is almost dead.
Pikel hits you with a whip of freezing.
* * * LOW HITPOINT WARNING * * *
Pikel freezes you.
* * * LOW HITPOINT WARNING * * *
You hit Pikel. Your headbutt misses Pikel.
Pikel is almost dead.
You block Pikel's attack. Pikel hits you with a whip of freezing.
* * * LOW HITPOINT WARNING * * *
Pikel freezes you.
You die...

######### #.# #.......#
#####.##### #.#####.# #..(......#
##.....#.### #.##.####.# #
#..........#######.##.#....# #
#.#######...##.....##.#.##.#
####...........##.######.#.######
......##..##...##.######...#.....
##.#..#...###.pK@....##........##
...#..#.....#..##.##.##........##
####..#.###.#.....##.##........##
.#....#.....#....................
.#.##.......#.#...##.#######.....
....#...#..##.###.##.# #####.
###.........[.# #....## #.
#.##.#############..# #.
#.##.#..............####### #.


You could see Pikel and a slave.

Vanquished Creatures
  2 hound skeletons
  7 adders
  2 oozes (D:2)
  2 worms (D:2)
  5 giant cockroaches
  5 goblins
  9 hobgoblins
  4 jackals
  10 bats
  6 frilled lizards
  6 kobolds
  6 rats
64 creatures vanquished.

Notes
Turn   | Place    | Note
-------+----------+-------------------------------------------
     0 | D:1      | Peloso the Minotaur Fighter began the quest for the Orb.
     0 | D:1      | Reached XP level 1. HP: 19/19 MP: 0/0
    50 | D:1      | Reached XP level 2. HP: 25/27 MP: 1/1
   268 | D:1      | Reached XP level 3. HP: 32/33 MP: 2/2
   717 | D:2      | Reached XP level 4. HP: 34/41 MP: 3/3
  1073 | D:2      | Found a hide-covered altar of Uskayaw.
  1302 | D:3      | Reached skill level 1 in Dodging
  1632 | D:3      | Found a radiant altar of Vehumet.
  1770 | D:3      | Reached XP level 5. HP: 37/47 MP: 4/4
  1919 | D:4      | Found a shadowy altar of Dithmenos.
  1939 | D:4      | Noticed a slave
  1939 | D:4      | Noticed a slave
  1939 | D:4      | Noticed Pikel
  1965 | D:3      | HP: 1/47 [Pikel/whip of freezing (6)]
  1965 | D:3      | Slain by Pikel

Skill      XL: |  1  2  3  4 |
---------------+-------------+-----
Fighting       | 4 |  4.6
Shields        | 4 |  4.6
Armour         | 4 |  4.5
Long Blades    | 3 |  3.6
Dodging        | 1 |  1.4
Stealth        | |  0.7

Action                   |  1- 3 |  4- 6 || total
-------------------------+-------+-------++-------
Melee: Long sword        |    90 |    78 ||   168
       Headbutt          |    15 |    11 ||    26
  Eat: Chunk             |       |     3 ||     3
Armor: Scale mail        |    55 |    12 ||    67
       Chain mail        |       |    15 ||    15
Dodge: Dodged            |    33 |    19 ||    52
Block: Shield            |    61 |    52 ||   113
       Rpst.: Long sword |    12 |     3 ||    15
